 Dungeon Crawl Stone Soup version 0.29-a0-1052-g6990b1bffc (webtiles) character file.

Game seed: 11630733265739762096

7 Zeldest the Sneak (level 1, 0/13 HPs)
             Began as a Vampire Delver on Aug 17, 2022.
             Slain by an ufetubus (3 damage)
             ... on level 4 of the Dungeon.
             The game lasted 00:02:10 (185 turns).

Zeldest the Sneak (Vampire Delver)                   Turns: 185, Time: 00:02:10

Health: 0/13       AC:  2    Str: 11    XL:     1   Next: 83%
Magic:  1/1        EV: 12    Int: 12    God:
Gold:   0          SH:  0    Dex: 15    Spells: 0/0 levels left

rFire   . . .      SeeInvis +   a - +0 short sword
rCold   + + .      Faith    .   (no shield)
rNeg    + + +      Spirit   .   i - +0 robe
rPois   ∞          Reflect  .   (no helmet)
rElec   .          Harm     .   (no cloak)
rCorr   .          Rampage  .   (no gloves)
Will    .....                   (no boots)
Stlth   ++++++....              (no amulet)
HPRegen 0.00/turn               (no ring)
MPRegen 0.07/turn               (no ring)

@: bloodless, inhibited regen
A: bloodless, fangs 3, see invisible, vampiric 1
a: Revivify


You were on level 4 of the Dungeon.
You visited 1 branch of the dungeon, and saw 3 of its levels.

Inventory:

Hand Weapons
 a - a +0 short sword (weapon)
Armour
 i - a +0 robe (worn)
Jewellery
 e - a ring of wizardry
Wands
 g - a wand of digging (3)
Scrolls
 c - a scroll of fog
 d - a scroll of magic mapping
Potions
 f - a potion of haste
 h - a potion of attraction {unknown}


   Skills:
 - Level 2.6 Fighting
 + Level 2.4 Short Blades
 - Level 2.1 Dodging
 * Level 7.6 Stealth


You couldn't memorise any spells.
You didn't know any spells.
Your spell library was empty.

Dungeon Overview and Level Annotations

Branches:
Dungeon (5/15)
 Temple: D:4-7

Altars:
Wu Jian

Shops:
D:4 [[

Annotations:
D:3 Terence


Innate Abilities, Weirdness & Mutations

You do not regenerate when monsters are visible.
You are frail without blood (-20% HP).
You can heal yourself when you bite living creatures.
You are immune to poison.
You have razor-sharp teeth.
You have supernaturally acute eyesight. (SInv)
You are afflicted with vampirism.


Message History

The helpless quokka fails to defend itself.
You bite the quokka, and draw its blood!
You feel better.
You impale the quokka!!
You kill the quokka!
You hit the dart slug.
The dart slug is heavily wounded.
The dart slug barely misses you.
You hit the dart slug.
You bite the dart slug, but do no damage.
The dart slug is severely wounded.
You hit the dart slug.
The dart slug is almost dead.
The dart slug closely misses you.
You hit the dart slug but do no damage. You bite the dart slug.
You kill the dart slug!
You start removing your armour.
You continue taking off your +0 leather armour. x4
You finish taking off your +0 leather armour.
You start putting on your armour.
You continue putting on your +0 robe. x5
You finish putting on your +0 robe.
You drop a +0 leather armour.
Your library has no spells.
Found Edegogg's Antique Armour Boutique.
There is an entrance to Edegogg's Antique Armour Boutique here.
You can access your shopping list by pressing '$'.
Found a stone staircase leading down.
Found 4 javelins. 3 gnolls come into view.
Found Egysoun's Armour Shoppe.
Found a falchion.
An ufetubus comes into view.
You see here a +0 falchion.
Found 5 stones.
The ufetubus shouts!
The ufetubus hits you. x2; The ufetubus closely misses you.
The ufetubus hits you.
* * * LOW HITPOINT WARNING * * *
You barely miss the ufetubus. Your bite misses the ufetubus.
The ufetubus hits you.
You die...

..........##.#
...##...##....
#####+##.# #.#
#...##.... #.# #.
#.).##.... #...##.... #
#####...##.### # #.
##.......##.###
#.#.####)#######.#.... .
#........#.....#.#..##
..
#....@...#.∩(>.#....##
#...5....#.....#.#....
...........#######....##
....#+#####.............
... .(....+...... ..
......#...... . .....
#...... ... #......
#......


You could see an ufetubus.

Vanquished Creatures
  A dart slug (D:4)
  A bat (D:4)
  A quokka (D:4)
  A ball python (D:4)
  A kobold (D:4)
5 creatures vanquished.

Notes
Turn   | Place    | Note
-------+----------+-------------------------------------------
     0 | D:5      | Zeldest the Vampire Delver began the quest for the Orb.
     0 | D:5      | Reached XP level 1. HP: 17/17 MP: 1/1
    18 | D:4      | Found an ornate altar of the Wu Jian Council.
    70 | D:3      | Noticed Terence
   105 | D:4      | Noticed a black bear
   153 | D:4      | Found Edegogg's Antique Armour Boutique.
   169 | D:4      | Found Egysoun's Armour Shoppe.
   185 | D:4      | Slain by an ufetubus

Illustrated notes

Levels and vault maps discovered:
D:3:      layout_basic, eat_drink_and_be_merry_uskayaw, kennysheep_path_1,
          uniq_grinder, uniq_terence
D:4:      black_bear_nest_2, layout_basic, tgw_kikubaaqudgha,
          mainiacjoe_overflow_large_starburst, temple_fountains, serial_shops,
          nicolae_diamond_shop, shop_statue, shop, nicolae_take_the_stairs
D:5:      layout_basic, chequers_serial_rivers_marsh, nicolae_stop_n_shop_1,
          nicolae_elemental_shop, solitary_fountain, minmay_misc_feat_cross

Action                   || total
-------------------------++-------
Melee: Short sword       ||    11
       Bite              ||     2
 Abil: Exsanguinate      ||     1
  Use: Scroll            ||     1
 Stab: Sleeping          ||     2
Armor: Leather armour    ||     2
Dodge: Dodged            ||    12

Table legend: (Time is in decaauts)
 A = Elapsed time spent in this place.
 B = Non-inter-level travel time spent in this place.
 C = Inter-level travel time spent in this place.
 D = Time resting spent in this place.
 E = Time spent auto-exploring this place.
 F = Levels seen in this place.
 G = Mean time per level.
                   A        B        C        D        E       F      G
               +--------+--------+--------+--------+--------+-----+--------+
         Total |    185 |    185 |      0 |      0 |      0 |   3 |   61.7 |
       Dungeon |    185 |    185 |      0 |      0 |      0 |   3 |   61.7 |
               +--------+--------+--------+--------+--------+-----+--------+

Top non-repeatable levels by time:
     D:4: 162 daAuts
     D:3: 13 daAuts
     D:5: 9 daAuts
